 Dungeon Sprint DCSS version 0.17-a0-1719-g1afd5a1 (webtiles) character file.

8001 Kidiri the Unseen (level 11, -10/42 HPs)
             Began as a Spriggan Enchanter on Aug 27, 2015.
             Was the Champion of Dithmenos.
             Mangled by an eight-headed hydra (12 damage)
             ... in the Dungeon (Sprint III: "The Ten Rune Challenge").
             The game lasted 00:10:52 (1536 turns).

Kidiri the Unseen (Spriggan Enchanter)              Turns: 1536, Time: 00:10:53

Health: -10/42     AC:  5    Str:  4    XL:     11   Next: 4%
Magic:  13/29      EV: 34    Int: 19    God:    Dithmenos [******]
Gold:   28         SH:  0    Dex: 20    Spells: 8 memorised, 5 levels left

rFire  . . .     SeeInvis +     a - +1 dagger
rCold  . . .     Clarity  .     b - +1 robe
rNeg   . . .     SustAt   .     (shield restricted)
rPois  +         Gourm    .     (helmet restricted)
rElec  .         Spirit   .     s - +1 cloak
rCorr  .         Warding  .     (gloves unavailable)
rMut   .         NoTele   +     (boots unavailable)
MR     +....                    (no amulet)
Stlth  ++++++++++               (no ring)
                                (no ring)

@: very slightly contaminated, wreathed by umbra, very quick, somewhat resistant
to hostile enchantments, uncannily stealthy
A: unfitting armour, beak, hooves 1, horns 1, see invisible, clever 1, herbivore
3, speed 3, frail 1, poison resistance, slow metabolism 2
a: Shadow Step, Shadow Form, Renounce Religion


You were in the Dungeon.
You worshipped Dithmenos.
Dithmenos was exalted by your worship.
You were not hungry.

You visited 1 branch You collected 28 gold pieces.

Inventory:

Hand weapons
 a - a +1 dagger (weapon)
Missiles
 u - 10 throwing nets (quivered)
Armour
 b - a +1 robe (worn)
 s - a +1 cloak (worn)
Magical devices
 t - a wand of teleportation (3)
Scrolls
 j - a scroll of blinking
 l - a scroll of torment {unknown}
 m - 3 scrolls of remove curse
 p - a scroll of immolation {unknown}
 q - a scroll of random uselessness {unknown}
Potions
 e - a potion of curing
 f - a potion of heal wounds
 g - a potion of haste
 h - 2 potions of magic
 i - 2 potions of berserk rage
 k - a potion of might
 n - 4 potions of cure mutation
 o - 3 potions of flight
Books
 r - a book of Ice

   Spells                             Type                      Level
   a - Ice Form                       Ice/Transmutation            4
   b - Metabolic Englaciation         Hexes/Ice                    5
   c - Ozocubu's Refrigeration        Ice                          6
   d - Bolt of Cold                   Conjuration/Ice              6
   e - Freezing Cloud                 Conjuration/Ice/Air          6
   f - Simulacrum                     Ice/Necromancy               6
Comestibles
 c - 31 royal jellies
 d - a bread ration


   Skills:
 + Level 9.1 Short Blades
 * Level 16.0 Dodging
 * Level 17.2 Stealth
 * Level 13.8 Spellcasting
 + Level 6.0 Conjurations
 + Level 10.5 Hexes
 + Level 6.6 Ice Magic
 + Level 6.1 Earth Magic
 - Level 4.6 Invocations


You had 5 spell levels left.
You knew the following spells:

 Your Spells              Type           Power        Failure   Level  Hunger
a - Corona                Hex            ######.      1%          1    None
b - Ensorcelled Hibernat  Hex/Ice        #####.       1%          2    None
c - Confuse               Hex            ######..     1%          3    None
d - Tukima's Dance        Hex            ######..     1%          3    None
e - Dazzling Spray        Conj/Hex       #####...     1%          3    None
f - Iron Shot             Conj/Erth      #####.....   67%         6    #####..
g - Shatter               Erth           #####.....   100%        9    #######
h - Metabolic Englaciati  Hex/Ice        #####.....   4%          5    ####...


Dungeon Overview and Level Annotations

Branches:
Dungeon (1/1)

Altars:
Cheibriados
Dithmenos
Elyvilon
Fedhas
Gozag
Kikubaaqudgha
Makhleb
Nemelex Xobeh
Okawaru
Qazlal
Ru
Sif Muna
Trog
Vehumet
Xom
Yredelemnul
Zin
The Shining One
Jiyva
Lugonu


Innate Abilities, Weirdness & Mutations

You are tiny and cannot use many weapons and most armour.
You have supernaturally acute eyesight.
You are a herbivore.
You cover ground extremely quickly.
You need consume almost no food.
You have a beak for a mouth.
You have large cloven feet.
You have a pair of small horns on your head.
Your mind is acute. (Int +2)
You are frail (-10% HP).
Your system is resistant to poisons.


Message History

The spray of energy hits the four-headed hydra.
The four-headed hydra is lightly wounded.
Unknown command.
Casting: Dazzling Spray
Confirm with . or Enter, or press ? or * to list all spells.
Aiming: Dazzling Spray
Press: ? - help, Shift-Dir - straight line, f/p - four-headed hydra
Aim: a four-headed hydra (lightly wounded, blind, hasn't noticed you, umbra)
The spray of energy hits the four-headed hydra.
The four-headed hydra is moderately wounded.
The four-headed hydra is dazzled.
The spray of energy hits the eight-headed hydra.
The eight-headed hydra is moderately wounded.
The eight-headed hydra completely misses you. x5
The eight-headed hydra bites you!
* * * LOW HITPOINT WARNING * * *
You emit a cloud of dark smoke.
The eight-headed hydra bites you!
* * * LOW HITPOINT WARNING * * *
The eight-headed hydra bites you!
You die...

▓▓▓▓▓▓▓▓▓▓▓▓▓▓▓▓▓▓▓▓▓▓▓▓▓▓▓#.....
♣♣≈≈≈........≈≈≈...#.....
+♣♣'♣≈≈≈≈≈≈≈≈≈≈≈≈♣♣P.'.....
#%≈♣♣♣♣♣♣♣♣♣♣♣♣♣♣♣♣PP#..... #%.♣♣
♣♣♣##+### ###'♣♣♣♣♣♣♣♣♣♣♣♣♣♣♣
♣♣♣♣%##..##≈D≈≈≈≈..#
♣...##.##.#§§≈≈≈...#
♣♣.##%##%##@D≈≈≈≈###
♣..#.##..§#§≈....§§§
♣♣.##.##.)#≈..+#####
♣♣.##.#####...# ♣.....# .....#
####### +######


You could see an eight-headed hydra and a four-headed hydra (blind).

Vanquished Creatures
  Maud (D)
  Erolcha (D)
  A lindwurm (D)
  A komodo dragon (D)
  2 spiny frogs (D)
  A deep elf priest (D)
  A queen bee (D)
  3 wandering mushrooms (D)
  A shadow (D)
  4 redbacks (D)
  2 trapdoor spiders (D)
  2 hill giants (D)
  A spatial vortex (D)
  A necrophage (D)
  2 brain worms (D)
  3 two-headed ogres (D)
  A water elemental (D)
  32 killer bees (D)
  An electric eel (D)
  A jelly (D)
  Jessica (D)
  A wizard (D)
  A necromancer (D)
  3 humans (D)
  A kobold demonologist (D)
  An ooze (D)
  A phantom (D)
  2 rats (D)
73 creatures vanquished.

Vanquished Creatures (others)
  2 draconian scorchers (D)
  Nessos (D)
  2 yaktaurs (D)
5 creatures vanquished.

Grand Total: 78 creatures vanquished

Notes
Turn   | Place    | Note
--------------------------------------------------------------
     0 | D        | Kidiri the Spriggan Enchanter began the quest for the Orb.
     0 | D        | Reached XP level 1. HP: 9/9 MP: 5/5
    10 | D        | Reached skill level 5 in Stealth
    41 | D        | Killed a yaktaur
   170 | D        | Killed a white draconian scorcher
   179 | D        | Noticed Jessica
   184 | D        | Killed Jessica
   184 | D        | Reached skill level 5 in Dodging
   184 | D        | Reached skill level 6 in Stealth
   184 | D        | Reached XP level 2. HP: 13/13 MP: 5/8
   184 | D        | Reached XP level 3. HP: 16/16 MP: 6/10
   188 | D        | Learned a level 2 spell: Ensorcelled Hibernation
   192 | D        | Learned a level 3 spell: Confuse
   196 | D        | Learned a level 3 spell: Tukima's Dance
   246 | D        | Reached skill level 7 in Stealth
   246 | D        | Reached skill level 5 in Spellcasting
   248 | D        | Killed a white draconian scorcher
   274 | D        | Learned a level 3 spell: Dazzling Spray
   309 | D        | Gained mutation: You have a pair of small horns on your head. [potion of mutation]
   309 | D        | Gained mutation: You have a beak for a mouth. [potion of mutation]
   310 | D        | Gained mutation: You are frail (-10% HP). [potion of mutation]
   310 | D        | Gained mutation: Your system is resistant to poisons. [potion of mutation]
   310 | D        | Gained mutation: Your body sometimes deteriorates upon taking damage. [potion of mutation]
   311 | D        | Gained mutation: Your mind is acute. (Int +2) [potion of mutation]
   311 | D        | Lost mutation: Your body sometimes deteriorates upon taking damage. [potion of mutation]
   311 | D        | Gained mutation: You have large cloven feet. [potion of mutation]
   335 | D        | Noticed a water elemental
   338 | D        | Killed a water elemental
   338 | D        | Reached skill level 8 in Stealth
   338 | D        | Reached skill level 1 in Conjurations
   338 | D        | Reached skill level 5 in Hexes
   338 | D        | Reached skill level 1 in Ice Magic
   338 | D        | Reached XP level 4. HP: 18/18 MP: 10/12
   347 | D        | Noticed a jelly
   348 | D        | Noticed a shadow
   350 | D        | Killed a shadow
   350 | D        | Reached skill level 10 in Stealth
   350 | D        | Reached XP level 5. HP: 21/21 MP: 11/15
   350 | D        | Reached XP level 6. HP: 25/25 MP: 12/17
   354 | D        | Killed a jelly
   386 | D        | Found a stormy altar of Qazlal.
   387 | D        | Found a sacrificial altar of Ru.
   387 | D        | Found a burning altar of Makhleb.
   387 | D        | Found a viscous altar of Jiyva.
   387 | D        | Found a shimmering altar of Xom.
   387 | D        | Found a shadowy altar of Dithmenos.
   387 | D        | Found a sparkling altar of Nemelex Xobeh.
   387 | D        | Found a corrupted altar of Lugonu.
   387 | D        | Found an opulent altar of Gozag.
   387 | D        | Noticed a spatial vortex
   391 | D        | Became a worshipper of Dithmenos the Shadowed
   392 | D        | Killed a spatial vortex
   392 | D        | Reached skill level 5 in Short Blades
   392 | D        | Reached skill level 1 in Invocations
   417 | D        | Found a radiant altar of Vehumet.
   418 | D        | Found a deep blue altar of Sif Muna.
   418 | D        | Found an ancient bone altar of Kikubaaqudgha.
   418 | D        | Noticed a wizard
   419 | D        | Killed a wizard
   419 | D        | Reached skill level 11 in Stealth
   423 | D        | Reached skill level 10 in Dodging
   446 | D        | Learned a level 6 spell: Iron Shot
   456 | D        | Found a glowing silver altar of Zin.
   457 | D        | Found a glowing golden altar of the Shining One.
   457 | D        | Found a white marble altar of Elyvilon.
   457 | D        | Noticed a deep elf priest
   460 | D        | Killed a deep elf priest
   460 | D        | Reached skill level 1 in Earth Magic
   460 | D        | Reached XP level 7. HP: 28/28 MP: 18/20
   475 | D        | Found an iron altar of Okawaru.
   476 | D        | Found a bloodstained altar of Trog.
   476 | D        | Noticed a human
   476 | D        | Noticed a human
   478 | D        | Killed a human
   478 | D        | Reached skill level 12 in Stealth
   479 | D        | Killed a human
   479 | D        | Acquired Dithmenos's first power
   504 | D        | Found a snail-covered altar of Cheibriados.
   504 | D        | Noticed a necrophage
   505 | D        | Found a basalt altar of Yredelemnul.
   505 | D        | Found a blossoming altar of Fedhas.
   505 | D        | Noticed a necromancer
   506 | D        | Killed a necrophage
   506 | D        | Reached XP level 8. HP: 32/32 MP: 22/22
   517 | D        | Killed Nessos
   519 | D        | Killed a necromancer
   622 | D        | Noticed a two-headed ogre
   622 | D        | Noticed a two-headed ogre
   626 | D        | Killed a two-headed ogre
   628 | D        | Killed a two-headed ogre
   631 | D        | Noticed a two-headed ogre
   632 | D        | Killed a two-headed ogre
   632 | D        | Acquired Dithmenos's second power
   632 | D        | Reached skill level 10 in Spellcasting
   641 | D        | Noticed a hill giant
   644 | D        | Killed a hill giant
   644 | D        | Reached skill level 13 in Stealth
   650 | D        | Noticed a hill giant
   650 | D        | Noticed Erolcha
   652 | D        | Killed Erolcha
   652 | D        | Reached XP level 9. HP: 35/35 MP: 24/24
   653 | D        | Killed a hill giant
   664 | D        | Learned a level 9 spell: Shatter
   736 | D        | Noticed a redback
   738 | D        | Killed a redback
   738 | D        | Reached skill level 14 in Stealth
   756 | D        | Noticed a trapdoor spider
   758 | D        | Killed a trapdoor spider
   758 | D        | Acquired Dithmenos's third power
   758 | D        | Reached skill level 5 in Ice Magic
   821 | D        | Noticed a trapdoor spider
   823 | D        | Killed a trapdoor spider
   847 | D        | Noticed a killer bee
   847 | D        | Noticed a killer bee
   847 | D        | Noticed a killer bee
   847 | D        | Noticed a killer bee
   847 | D        | Noticed a queen bee
   847 | D        | Noticed a killer bee
   847 | D        | Noticed a killer bee
   847 | D        | Noticed a killer bee
   847 | D        | Noticed a killer bee
   847 | D        | Noticed a killer bee
   847 | D        | Noticed a killer bee
   847 | D        | Noticed a killer bee
   847 | D        | Noticed a killer bee
   847 | D        | Noticed a killer bee
   847 | D        | Noticed a killer bee
   848 | D        | Noticed a killer bee
   848 | D        | Noticed a killer bee
   848 | D        | Noticed a killer bee
   848 | D        | Noticed a killer bee
   848 | D        | Noticed a killer bee
   848 | D        | Noticed a killer bee
   848 | D        | Noticed a killer bee
   848 | D        | Noticed a killer bee
   848 | D        | Noticed a killer bee
   848 | D        | Noticed a killer bee
   848 | D        | Noticed a killer bee
   848 | D        | Noticed a killer bee
   848 | D        | Noticed a killer bee
   848 | D        | Noticed a killer bee
   848 | D        | Noticed a killer bee
   848 | D        | Noticed a killer bee
   848 | D        | Noticed a killer bee
   848 | D        | Noticed a killer bee
   851 | D        | Killed a killer bee
   853 | D        | Killed a killer bee
   855 | D        | Killed a killer bee
   857 | D        | Killed a killer bee
   857 | D        | Acquired Dithmenos's fourth power
   859 | D        | Killed a killer bee
   861 | D        | Killed a killer bee
   863 | D        | Killed a killer bee
   865 | D        | Killed a killer bee
   867 | D        | Killed a killer bee
   869 | D        | Killed a killer bee
   871 | D        | Killed a killer bee
   874 | D        | Killed a killer bee
  1011 | D        | Killed a killer bee
  1014 | D        | Killed a killer bee
  1018 | D        | Killed a killer bee
  1020 | D        | Killed a killer bee
  1023 | D        | Killed a killer bee
  1025 | D        | Killed a killer bee
  1025 | D        | Reached skill level 15 in Stealth
  1027 | D        | Killed a killer bee
  1029 | D        | Killed a killer bee
  1031 | D        | Killed a killer bee
  1033 | D        | Killed a killer bee
  1147 | D        | Learned a level 5 spell: Metabolic Englaciation
  1168 | D        | Killed a killer bee
  1170 | D        | Killed a killer bee
  1172 | D        | Killed a killer bee
  1174 | D        | Killed a killer bee
  1177 | D        | Killed a killer bee
  1179 | D        | Killed a killer bee
  1179 | D        | Reached XP level 10. HP: 36/39 MP: 14/27
  1181 | D        | Killed a killer bee
  1183 | D        | Killed a killer bee
  1185 | D        | Killed a killer bee
  1198 | D        | Killed a killer bee
  1201 | D        | Killed a queen bee
  1201 | D        | Reached skill level 5 in Conjurations
  1352 | D        | Noticed a wandering mushroom
  1353 | D        | Noticed a wandering mushroom
  1353 | D        | Noticed a wandering mushroom
  1354 | D        | Killed a wandering mushroom
  1354 | D        | Reached skill level 5 in Earth Magic
  1356 | D        | Killed a wandering mushroom
  1356 | D        | Killed a yaktaur
  1357 | D        | Killed a wandering mushroom
  1410 | D        | Noticed a spiny frog
  1410 | D        | Noticed a komodo dragon
  1410 | D        | Noticed a spiny frog
  1413 | D        | Killed a spiny frog
  1413 | D        | Reached skill level 16 in Stealth
  1416 | D        | Killed a komodo dragon
  1416 | D        | Reached skill level 15 in Dodging
  1418 | D        | Killed a spiny frog
  1418 | D        | Reached skill level 10 in Hexes
  1481 | D        | Noticed a redback
  1483 | D        | Killed a redback
  1484 | D        | Noticed a brain worm
  1488 | D        | Killed a brain worm
  1491 | D        | Noticed a brain worm
  1493 | D        | Killed a brain worm
  1497 | D        | Noticed a lindwurm
  1499 | D        | Noticed a redback
  1500 | D        | Killed a lindwurm
  1502 | D        | Killed a redback
  1507 | D        | Noticed a redback
  1511 | D        | Killed a redback
  1520 | D        | Noticed Maud
  1523 | D        | Killed Maud
  1523 | D        | Reached skill level 17 in Stealth
  1523 | D        | Reached XP level 11. HP: 42/42 MP: 29/29
  1527 | D        | Noticed an electric eel
  1528 | D        | Noticed a four-headed hydra
  1528 | D        | Noticed an eight-headed hydra
  1529 | D        | Killed an electric eel
  1536 | D        | HP: 2/42 [eight-headed hydra (9)]
  1536 | D        | Mangled by an eight-headed hydra

Vault maps used:
D:        dungeon_sprint_mu

Action                   |  1- 3 |  4- 6 |  7- 9 | 10-12 || total
-------------------------+-------+-------+-------+-------++-------
Melee: Dagger            |    18 |     7 |    47 |    25 ||    97
 Cast: Corona            |     2 |       |       |       ||     2
       Ensorcelled Hiber |     1 |     1 |    38 |     6 ||    46
       Tukima's Dance    |       |       |     2 |       ||     2
       Confuse           |       |       |     1 |       ||     1
       Dazzling Spray    |       |       |       |     3 ||     3
Invok: Shadow Step       |       |       |     2 |     4 ||     6
  Use: Potion            |     3 |       |       |       ||     3
       Scroll            |       |       |       |     1 ||     1
 Stab: Sleeping          |     6 |     6 |    40 |    19 ||    71
